 Dungeon Crawl Stone Soup version 0.27.1-1-g398f81649c (webtiles) character file.

Game seed: 18156229573365045511

2231 pkoi the Grappler (level 9, 0/76 HPs)
             Began as a Troll Earth Elementalist on Sept 14, 2021.
             Was a Follower of Okawaru.
             Slain by Duvessa (6 damage)
             ... on level 6 of the Dungeon.
             The game lasted 00:09:57 (4957 turns).

pkoi the Grappler (Troll Earth Elementalist)        Turns: 4957, Time: 00:09:58

Health: 0/76       AC:  6    Str: 19    XL:     9   Next: 14%
Magic:  18/18      EV: 10    Int: 13    God:    Okawaru [*.....]
Gold:   243        SH:  0    Dex: 10    Spells: 5/10 levels left

rFire    . . .     SeeInvis .     - Unarmed
rCold    . . .     Faith    .   (no shield)
rNeg     . . .     Spirit   .   b - +0 robe
rPois    +         Reflect  .   (helmet restricted)
rElec    .         Harm     .   i - +1 cloak
rCorr    .         Rampage  .   (gloves unavailable)
Will     .....                  (boots unavailable)
Stlth    +.........             n - amulet of magic regeneration
HPRegen  1.22/turn              e - ring of poison resistance
MPRegen  0.41/turn              t - ring of magical power

@: attractive
A: large, unfitting armour, claws 3, regeneration 1, shaggy fur 1, tough skin 1
a: Renounce Religion, Heroism


You were on level 6 of the Dungeon.
You worshipped Okawaru.
Okawaru was aware of your devotion.
You visited 2 branches of the dungeon, and saw 8 of its levels.

You collected 243 gold pieces.

Inventory:

Missiles
 c - 113 stones
 f - 7 javelins
 h - 45 poisoned darts (quivered)
Armour
 b - a +0 robe (worn)
 i - a +1 cloak (worn)
Jewellery
 e - a ring of poison resistance (left claw)
 j - a ring of resist corrosion
 n - an amulet of magic regeneration (around neck)
 t - a ring of magical power (right claw)
Wands
 r - a wand of polymorph (8)
 v - a wand of digging (4)
Scrolls
 a - a scroll of immolation
 d - 6 scrolls of identify
 s - 2 scrolls of amnesia
Potions
 g - 3 potions of curing
 k - a potion of attraction
 m - a potion of mutation {unknown}
 o - a potion of might {unknown}
 p - a potion of flight {unknown}
 q - a potion of experience {unknown}
 u - 2 potions of brilliance {unknown}


   Skills:
 - Level 1.4 Fighting
 + Level 4.2 Dodging
 - Level 1.0 Stealth
 * Level 8.5 Unarmed Combat
 - Level 1.2 Spellcasting
 + Level 2.3 Conjurations
 + Level 3.0 Transmutations
 + Level 4.6 Earth Magic


You had 5 spell levels left.
You knew the following spells:

 Your Spells              Type           Power      Damage    Failure   Level
a - Stone Arrow           Conj/Erth      18%        3d8       21%         3
b - Passwall              Tmut/Erth      8%         N/A       9%          2

Your spell library contained the following spells:

 Spells                   Type           Power      Damage    Failure   Level
 Sandblast                Erth           24%        2d8       4%          1
 Shock                    Conj/Air       12%        1d3       17%         1
 Corpse Rot               Necr/Air       N/A        N/A       38%         2
 Poisonous Vapours        Pois/Air       0%         N/A       38%         2
 Petrify                  Tmut/Erth      10%        N/A       50%         4
 Gell's Gravitas          Tloc           0%         N/A       63%         3
 Lesser Beckoning         Tloc           0%         N/A       63%         3
 Portal Projectile        Hex/Tloc       0%         N/A       63%         3
 Summon Guardian Golem    Hex/Summ       0%         N/A       63%         3
 Swiftness                Air            0%         N/A       63%         3
 Teleport Other           Tloc           0%         N/A       63%         3
 Airstrike                Air            0%         N/A       95%         4
 Bolt of Magma            Conj/Fire/Erth 3%         4d5       96%         5
 Freezing Cloud           Conj/Ice/Air   1%         6-21      99%         5
 Lehudib's Crystal Spear  Conj/Erth      4%         10d3      100%        8


Dungeon Overview and Level Annotations

Branches:
Dungeon (7/15)             Temple (1/1) D:5

Altars:
Ashenzari
Cheibriados
Dithmenos
Elyvilon
Fedhas
Gozag
Hepliaklqana
Kikubaaqudgha
Makhleb
Nemelex Xobeh
Okawaru
Qazlal
Ru
Sif Muna
Trog
Uskayaw
Vehumet
Wu Jian
Xom
Yredelemnul
Zin
The Shining One
Beogh

Shops:
D:7 =

Annotations:
D:6 3 runed translucent doors, Duvessa; Jozx's ghost, novice TrBe


Innate Abilities, Weirdness & Mutations

You are too large for most types of armour.
You have claws for hands.
Your natural rate of healing is unusually fast.
You are covered in fur. (AC +1)
You have tough skin. (AC +1)


Message History

Duvessa hits you with a +0 rapier. Duvessa barely misses you.
Duvessa rages.
Duvessa hits you with a +0 rapier!
* * * LOW HITPOINT WARNING * * *
Duvessa hits you with a +0 rapier!
* * * LOW HITPOINT WARNING * * *
Duvessa hits you with a +0 rapier!
* * * LOW HITPOINT WARNING * * *
Okay, then.
It was a potion of attraction.
You feel attractive to monsters. Duvessa hits you with a +0 rapier!
* * * LOW HITPOINT WARNING * * *
Duvessa hits you with a +0 rapier.
* * * LOW HITPOINT WARNING * * *
It was a potion of heal wounds.
You feel much better. Duvessa hits you with a +0 rapier!
* * * LOW HITPOINT WARNING * * *
Duvessa is no longer berserk.
Duvessa shakes in a combination of rage and grief.
Duvessa hits you with a +0 rapier!
* * * LOW HITPOINT WARNING * * *
Duvessa is pulled toward you!
You scratch Duvessa.
Duvessa is lightly wounded.
Duvessa hits you with a +0 rapier.
* * * LOW HITPOINT WARNING * * *
You claw Duvessa!
Duvessa is severely wounded.
You claw Duvessa!
Duvessa is almost dead.
Duvessa hits you with a +0 rapier!
* * * LOW HITPOINT WARNING * * *
You barely miss Duvessa.
Duvessa is almost dead.
You completely miss Duvessa. You claw Duvessa.
Duvessa is almost dead.
Duvessa hits you with a +0 rapier.
You die...

##.................#.......
###..........................
#...................##.......
#?###..............###.......
#...##.....##.....## #.......
###.#########..#.## ########
#......# #..##..# #.. #......#
#e####.# ##.. #......####@#
#.# ##..# #......##...# #.#
###...< #.........### #.#
#.....# #......##.# #.#
#...#.. #......##.# #.#
##..#... ###......##.# #.#
##.......
#........##.######.###........
###....................>......
###..######.###...)..#......


You could see Duvessa (slow).

Vanquished Creatures
  Grinder (D:5)
  5 yaks
  Edmund (D:5)
  An orc warrior (Temple)
  A black bear (D:5)
  A phantom (D:6)
  2 scorpions
  A water moccasin zombie (D:7)
  A wyvern skeleton (D:5)
  Dowan (D:7)
  A centaur zombie (D:6)
  4 hounds
  2 jellies
  2 orc priests
  3 bullfrog skeletons (D:6)
  Jessica (D:2)
  3 orc wizards
  A gnoll (D:5)
  8 adders
  2 white imps (D:6)
  An ufetubus (D:7)
  2 worms
  2 dart slugs (D:1)
  10 orcs
  3 bats
  9 endoplasms
  4 giant cockroaches
  5 goblins
  5 hobgoblins
  2 quokkas (D:2)
  6 ball pythons
  3 frilled lizards (D:2)
  7 kobolds
  6 rats
107 creatures vanquished.

Notes
Turn   | Place    | Note
-------+----------+-------------------------------------------
     0 | D:1      | pkoi the Troll Earth Elementalist began the quest for the
                  | Orb.
     0 | D:1      | Reached XP level 1. HP: 16/16 MP: 1/1
    60 | D:1      | Reached skill level 1 in Unarmed Combat
   146 | D:1      | Reached XP level 2. HP: 19/24 MP: 2/2
   161 | D:1      | Got Suxaorot's Grimoire of Enthralling Attacks
   316 | D:1      | Reached skill level 2 in Unarmed Combat
   572 | D:1      | Found a faded altar of an unknown god.
   683 | D:2      | Reached XP level 3. HP: 31/31 MP: 3/3
   758 | D:2      | Noticed Jessica
   767 | D:2      | Killed Jessica
   768 | D:2      | Reached skill level 3 in Unarmed Combat
   847 | D:2      | Learned a level 2 spell: Passwall
   877 | D:2      | Reached XP level 4. HP: 35/39 MP: 4/4
  1350 | D:3      | Reached skill level 4 in Unarmed Combat
  1350 | D:3      | Reached skill level 1 in Transmutations
  1540 | D:3      | Noticed a scorpion
  1549 | D:3      | Killed a scorpion
  1550 | D:3      | Reached XP level 5. HP: 40/45 MP: 0/5
  2225 | D:4      | Identified the +2 robe of Leapfrog {-Tele Harm rElec rPois}
  2368 | D:4      | Learned a level 3 spell: Stone Arrow
  2495 | D:5      | Entered Level 5 of the Dungeon
  2595 | D:5      | Noticed a yak
  2618 | D:5      | Reached XP level 6. HP: 52/53 MP: 6/6
  2637 | D:4      | Killed a yak
  2638 | D:4      | Reached skill level 5 in Unarmed Combat
  2663 | D:5      | Noticed a yak
  2663 | D:5      | Noticed a yak
  2678 | D:4      | Killed a yak
  2679 | D:4      | Reached skill level 1 in Fighting
  2679 | D:4      | Reached skill level 1 in Conjurations
  2679 | D:4      | Reached XP level 7. HP: 53/62 MP: 7/7
  2687 | D:5      | Noticed a yak
  2687 | D:5      | Noticed a yak
  2698 | D:4      | Killed a yak
  2737 | D:5      | Found a staircase to the Ecumenical Temple.
  2857 | D:4      | Killed a yak
  2858 | D:4      | Reached skill level 6 in Unarmed Combat
  2887 | D:5      | Killed a yak
  2888 | D:5      | Reached XP level 8. HP: 65/70 MP: 8/8
  2993 | Temple   | Entered the Ecumenical Temple
  3300 | Temple   | Became a worshipper of Warmaster Okawaru
  3465 | D:5      | Noticed Edmund
  3495 | D:5      | Killed Edmund
  3496 | D:5      | Reached skill level 7 in Unarmed Combat
  3552 | D:5      | Noticed Grinder
  3576 | D:5      | Paralysed by Grinder for 6 turns
  3586 | D:5      | Killed Grinder
  4123 | D:6      | Reached * piety under Okawaru
  4146 | D:6      | Reached skill level 8 in Unarmed Combat
  4188 | D:6      | Reached XP level 9. HP: 76/76 MP: 9/9
  4612 | D:6      | Found a runed translucent gate.
  4612 | D:6      | Found a runed translucent gate.
  4612 | D:6      | Found a runed translucent gate.
  4613 | D:6      | Noticed Jozx's ghost (novice TrBe)
  4702 | D:7      | Found a sacrificial altar of Ru.
  4728 | D:7      | Noticed Dowan
  4823 | D:7      | Killed Dowan
  4837 | D:7      | Found Foosysk's Jewellery Shop.
  4925 | D:7      | Noticed Duvessa
  4957 | D:6      | Slain by Duvessa

Illustrated notes

Levels and vault maps discovered:
D:1:      tarquinn_simple_flora_water_d, layout_basic,
          hellmonk_ecumenical_altar_defaced_shrine, minivault_11
D:2:      layout_loops_ring, uniq_jessica
D:3:      layout_basic, chequers_jeans
D:4:      layout_basic, minmay_misc_feat_x, hangedman_decor_opposing
D:5:      layout_gridville, temple_statues, cheibrodos_gnoll_hut, uniq_edmund,
          uniq_grinder
D:6:      layout_rooms, gammafunk_ghost_necromancy
D:7:      layout_basic, nicolae_ru_path_of_blood, serial_shops, shop,
          uniq_duvessa
Temple:   nicolae_temple_the_god_donut

Skill      XL: |  1  2  3  4  5  6  7  8 |
---------------+-------------------------+-----
Unarmed Combat | 1 2 3 4 5 6 8 |  8.5
Transmutations | 1 2 3 |  3.0
Earth Magic    | 3 4 |  4.6
Fighting       | 1 |  1.4
Dodging        | 2 3 4 |  4.2
Conjurations   | 1 2 |  2.3
Stealth        | |  1.0
Spellcasting   | |  1.2

Action                   |  1- 3 |  4- 6 |  7- 9 || total
-------------------------+-------+-------+-------++-------
Melee: Unarmed           |    78 |   160 |   198 ||   436
       Punch             |       |     1 |     9 ||    10
 Cast: Sandblast         |     1 |     6 |       ||     7
  Use: Scroll            |       |     6 |     5 ||    11
       Potion            |       |       |     2 ||     2
 Stab: Sleeping          |       |     2 |       ||     2
Armor: Robe              |    29 |    54 |    58 ||   141
Dodge: Dodged            |    40 |    54 |    84 ||   178
